 Dungeon Crawl Stone Soup version 0.31.0-1-g2c135a0 (webtiles) character file.

Game seed: 1852081570671169338

4869 brinewave the Cleaver (level 10, -13/93 HPs)
             Began as a Minotaur Berserker on Feb 3, 2024.
             Was an Elder of Trog.
             Mangled by a sun demon (14 damage)
             ... on level 9 of the Dungeon.
             The game lasted 00:23:52 (8153 turns).

brinewave the Cleaver (Minotaur Berserker)          Turns: 8153, Time: 00:23:53

Health: -13/93     AC: 11    Str: 25    XL:     10   Next: 26%
Magic:  9/9        EV: 11    Int:  4    God:    Trog [****..]
Gold:   27         SH:  0    Dex: 11    Spells: 9/9 levels left

rFire   . . .        F - +0 battleaxe
rCold   + . .        (shield currently unavailable)
rNeg    . . .        A - +1 ring mail {rC+}
rPois   .            h - +1 hat
rElec   .            g - +0 cloak
rCorr   .            d - +0 pair of gloves
SInv    .            (no boots)
Will    +....        x - amulet of the acrobat
Stlth   +            r - ring of flight
HPRegen 0.35/turn    C - ring of willpower
MPRegen 0.11/turn

%: acrobat
@: flying
A: horns 2, retaliatory headbutt
a: Renounce Religion, Berserk, Trog's Hand, Brothers in Arms


You were on level 9 of the Dungeon.
You worshipped Trog.
Trog was greatly pleased with you.
You visited 2 branches of the dungeon, and saw 10 of its levels.

You collected 574 gold pieces.
You spent 547 gold pieces at shops.

Inventory:

Hand Weapons
 i - a +0 halberd
 F - a +0 battleaxe (weapon)
Missiles
 b - 77 stones
 c - 20 boomerangs (quivered)
Armour
 d - a +0 pair of gloves (worn)
 f - a +0 plate armour
 g - a +0 cloak (worn)
 h - a +1 hat (worn)
 A - a +1 ring mail of cold resistance (worn)
Jewellery
 r - a ring of flight (left hand)
 x - an amulet of the acrobat (around neck)
 C - a ring of willpower (right hand)
Wands
 a - a wand of paralysis (8)
 G - a wand of iceblast (2)
Scrolls
 e - a scroll of revelation {unknown}
 k - 2 scrolls of identify {unknown}
 l - a scroll of acquirement {unknown}
 p - 8 scrolls of poison {unknown}
 q - 2 scrolls of blinking {unknown}
 t - 2 scrolls of teleportation
 w - 2 scrolls of amnesia {unknown}
 y - a scroll of enchant weapon {unknown}
 E - a scroll of fog {unknown}
Potions
 j - 3 potions of heal wounds
 m - a potion of cancellation
 n - 3 potions of curing
 o - 4 potions of might
 s - 2 potions of attraction
 u - 3 potions of mutation {unknown}
 v - 2 potions of enlightenment
 z - a potion of berserk rage {unknown}
 B - 2 potions of haste
 D - a potion of invisibility {unknown}
 H - a potion of magic {unknown}
 I - 3 potions of brilliance


   Skills:
 + Level 9.8 Fighting
 * Level 13.2 Axes
 + Level 9.4 Armour
 - Level 2.1 Dodging


You had 9 spell levels left.
You didn't know any spells.
Your spell library was empty.

Dungeon Overview and Level Annotations

Branches:
Dungeon (9/15)             Temple (1/1) D:6
   Lair: D:8-11         Orc: D:9-12

Altars:
Ashenzari
Cheibriados
Dithmenos
Elyvilon
Fedhas
Gozag
Hepliaklqana
Kikubaaqudgha
Makhleb
Okawaru
Qazlal
Ru
Sif Muna
Trog
Vehumet
Wu Jian
Xom
Yredelemnul
Zin
The Shining One

Shops:
D:3 !   D:6 !*[!


Innate Abilities, Weirdness & Mutations

You have a pair of horns on your head.
You reflexively headbutt those who attack you in melee.


Message History

The chaos spawn moves out of view.
There is an open door here.
Found 14 gold pieces.
A sun demon comes into view.
You barely miss the quasit.
The sun demon shouts!
You hit the chaos spawn. The quasit completely misses you.
The quasit barely misses you.
The quasit claws you but does no damage.
The chaos spawn bites you but does no damage.
You barely miss the quasit. You headbutt the quasit!
The quasit is severely wounded.
You hit the chaos spawn but do no damage.
The quasit closely misses you. The quasit misses you. x2
The chaos spawn barely misses you.
There is an open door here.
The quasit closely misses you.
The quasit claws you but does no damage.
The quasit completely misses you. The quasit attacks as it pursues you!
The quasit barely misses you. You furiously retaliate!
You headbutt the quasit.
You kill the quasit!
Trog accepts your kill.
You slash the sun demon!
The sun demon is lightly wounded.
The sun demon hits you!!
You are engulfed in flames!!
You hit the sun demon but do no damage.
The sun demon is lightly wounded.
The sun demon hits you but does no damage.
You slice the sun demon!! Your headbutt misses the sun demon.
The sun demon is heavily wounded.
The sun demon hits you!
You are engulfed in flames!
You barely miss the sun demon. Your headbutt misses the sun demon.
The sun demon is heavily wounded.
The sun demon hits you!
* * * LOW HITPOINT WARNING * * *
You are engulfed in flames!!
* * * LOW HITPOINT WARNING * * *
The sun demon hits you!
You die...

#### ...# #### ...#
#..+ ...# #..# ...#
#..#
...################..#
...##...........@34..#
...').#############..#
..)#### #.4.# ...#
#...... ...# #........
#### #..♣....... .$.
.♣##### #.#. .P #...
##


You could see a sun demon and a chaos spawn.

Vanquished Creatures
  The ghost of cowcow the Conjurer, a novice DsCj of Cheibriados (D:7)
  The ghost of realgeorgebush46 the Ruffian, an amateur TrFi (D:7)
  2 trolls
  A hornet (D:8)
  Prince Ribbit (D:5)
  Eustachio (D:6)
  Menkaure (D:5)
  A water moccasin (D:6)
  Duvessa (D:5)
  2 sky beasts
  An ice beast (D:7)
  2 orc warriors
  2 ogres
  2 centaurs
  3 bullfrogs
  2 scorpions
  7 wights (D:8)
  Dowan (D:5)
  7 killer bees
  3 howler monkeys
  6 electric eels (D:5)
  2 hounds
  2 jellies (D:5)
  A quasit (D:9)
  2 orc priests
  2 sleepcaps
  4 iguanas
  11 orc wizards
  7 adders
  3 gnolls (D:2)
  A shadow imp (D:6)
  A white imp (D:6)
  4 ufetubi
  2 ribbon worms (D:5)
  26 orcs
  8 endoplasms
  3 giant cockroaches
  8 goblins
  6 hobgoblins
  4 jackals (D:1)
  12 kobolds
  7 quokkas
  5 ball pythons
  6 bats
  3 frilled lizards
  5 rats
183 creatures vanquished.

Notes
Turn   | Place    | Note
-------+----------+-------------------------------------------
     0 | D:1      | brinewave the Minotaur Berserker began the quest for the
                  | Orb.
     0 | D:1      | Reached XP level 1. HP: 19/19 MP: 0/0
   164 | D:1      | Reached skill level 4 in Axes
   164 | D:1      | Reached XP level 2. HP: 27/27 MP: 1/1
   308 | D:1      | Reached ** piety under Trog
   324 | D:1      | Reached XP level 3. HP: 33/33 MP: 2/2
   502 | D:1      | Found a faded altar of an unknown god.
   758 | D:2      | Reached skill level 5 in Axes
   758 | D:2      | Reached XP level 4. HP: 35/41 MP: 3/3
  1378 | D:3      | Found Giupaz's Distillery.
  1412 | D:3      | Bought a potion of curing for 30 gold pieces
  1412 | D:3      | Bought a potion of might for 40 gold pieces
  1528 | D:3      | Bought a potion of attraction for 30 gold pieces
  1553 | D:3      | Reached *** piety under Trog
  1837 | D:3      | Bought a potion of enlightenment for 50 gold pieces
  1837 | D:3      | Bought a potion of curing for 30 gold pieces
  1912 | D:4      | Reached XP level 5. HP: 35/47 MP: 4/4
  1981 | D:4      | Reached skill level 6 in Axes
  1988 | D:4      | Reached skill level 5 in Fighting
  2053 | D:4      | Reached XP level 6. HP: 56/56 MP: 5/5
  2421 | D:4      | Found a shimmering blue altar of Sif Muna.
  2447 | D:5      | Entered Level 5 of the Dungeon
  2454 | D:5      | Noticed Prince Ribbit
  2474 | D:5      | Killed Prince Ribbit
  2475 | D:5      | Reached skill level 7 in Axes
  2475 | D:5      | Reached skill level 5 in Armour
  2475 | D:5      | Reached XP level 7. HP: 62/62 MP: 6/6
  2820 | D:5      | Noticed Duvessa
  2820 | D:5      | Noticed Dowan
  2833 | D:5      | Killed Duvessa
  2834 | D:5      | Reached skill level 8 in Axes
  2838 | D:5      | Killed Dowan
  2901 | D:5      | Noticed Menkaure
  2908 | D:5      | Killed Menkaure
  2972 | D:5      | Reached XP level 8. HP: 71/71 MP: 7/7
  3071 | D:5      | Reached skill level 9 in Axes
  3328 | D:5      | Reached **** piety under Trog
  3708 | D:5      | Noticed a troll
  3723 | D:5      | Killed a troll
  3933 | D:5      | Reached skill level 10 in Axes
  4771 | D:6      | Noticed a troll
  4772 | D:6      | Found Vassiedd's Armour Shoppe.
  4772 | D:6      | Found Sedimagu's Distillery.
  4772 | D:6      | Found Haoxulla's General Store.
  4781 | D:6      | Killed a troll
  4782 | D:6      | Reached XP level 9. HP: 58/81 MP: 8/8
  4784 | D:6      | Found Naadol's Distillery.
  4803 | D:6      | Bought a potion of haste for 130 gold pieces
  4803 | D:6      | Bought a potion of attraction for 39 gold pieces
  4883 | D:6      | Found a staircase to the Ecumenical Temple.
  4906 | Temple   | Entered the Ecumenical Temple
  5084 | D:6      | Noticed Eustachio
  5098 | D:6      | Killed Eustachio
  5099 | D:6      | Reached skill level 11 in Axes
  5138 | D:6      | Found a burning altar of Makhleb.
  5138 | D:6      | Noticed a blizzard demon
  5999 | D:6      | Bought a potion of heal wounds for 55 gold pieces
  6152 | D:7      | Found a runed translucent gate.
  6152 | D:7      | Found a runed translucent gate.
  6158 | D:7      | Found a runed translucent gate.
  6682 | D:7      | Noticed realgeorgebush46's ghost (amateur TrFi)
  6682 | D:7      | Noticed cowcow's ghost (novice DsCj)
  7033 | D:8      | Reached skill level 12 in Axes
  7413 | D:8      | Reached XP level 10. HP: 87/91 MP: 9/9
  7745 | D:8      | Found a radiant altar of Vehumet.
  7750 | D:8      | Found a stormy altar of Qazlal.
  7758 | D:8      | Found an iron altar of Okawaru.
  7763 | D:8      | Found a hazy altar of Hepliaklqana.
  7774 | D:8      | Found a broken altar of Ashenzari.
  7781 | D:8      | Found an opulent altar of Gozag.
  7787 | D:8      | Found a white marble altar of Elyvilon.
  7934 | D:6      | Bought a potion of degeneration for 11 gold pieces
  7937 | D:6      | Bought a potion of brilliance for 44 gold pieces
  7937 | D:6      | Bought a potion of cancellation for 88 gold pieces
  8032 | D:7      | Killed cowcow's ghost
  8035 | D:7      | Killed realgeorgebush46's ghost
  8036 | D:7      | Reached skill level 13 in Axes
  8142 | D:9      | Noticed a sun demon
  8153 | D:9      | HP: 1/93 [sun demon (18)]
  8153 | D:9      | Mangled by a sun demon

Illustrated notes

Levels and vault maps discovered:
D:1:      onia_arrival_handbag, layout_rooms, dilly_ecumenical_altar_fadedgnrine
D:2:      layout_basic
D:3:      layout_rooms, serial_shops, nicolae_shop_waterfront,
          hangedman_decor_points, chequers_serial_rivers_micro_b
D:4:      layout_cave_pools, led_sif_pool
D:5:      cheibrodos_two_vegetables, layout_loops_corners, uniq_duvessa,
          uniq_menkaure, uniq_prince_ribbit1
D:6:      layout_gridville, makhleb_altar_promises_db,
          minmay_temple_entry_junction, grunt_ministairs_9,
          minmay_shop_grid_forest, uniq_eustachio
D:7:      layout_basic, gammafunk_ghost_cemetery, nicolae_zig_zag_zippers
D:8:      layout_rooms, grunt_temple_overflow_octagram,
          minmay_misc_feat_secret_circle, nrook_campfire, chequers_mini_garden,
          eino_tiny_chamber, lightli_corner_chamber
D:9:      layout_roguey, nemelex_xobeh_ov_fountains_minmay, hiddenorc2_lemuel,
          serial_shops, nicolae_shop_statue_plus, serial_demonic,
          serial_demonic_c, serial_demonic_d, serial_demonic_g,
          serial_demonic_f, laboratory, uniq_maurice
Temple:   grunt_temple_mini_profane

Skill      XL: |  1  2  3  4  5  6  7  8  9 10 |
---------------+-------------------------------+-----
Axes           | 4 5 6 7 8 10 12 13 | 13.2
Fighting       | 4 5 6 8 9 |  9.8
Armour         | 3 4 5 6 7 9 |  9.4
Dodging        | |  2.1

Action                     |  1- 3 |  4- 6 |  7- 9 | 10-12 || total
---------------------------+-------+-------+-------+-------++-------
  Melee: Hand axe          |   102 |   100 |   232 |       ||   434
         Headbutt          |     9 |    21 |    56 |     6 ||    92
         Punch             |       |     1 |     1 |       ||     2
         Battleaxe         |       |       |    57 |    24 ||    81
  Throw: Boomerang         |       |     5 |     4 |       ||     9
 Invoke: Berserk           |       |       |     2 |     1 ||     3
  Evoke: Wand              |       |     2 |     4 |       ||     6
    Use: Scroll            |       |     2 |       |       ||     2
         Potion            |       |       |     1 |       ||     1
   Stab: Sleeping          |     1 |       |       |       ||     1
 Armour: Animal skin       |    10 |       |       |       ||    10
         Ring mail         |    21 |     6 |   222 |    20 ||   269
         Scale mail        |    76 |    39 |       |       ||   115
  Dodge: Dodged            |    65 |    41 |   176 |    19 ||   301
